 Dungeon Crawl Stone Soup version 0.26.1-2-gb8aa6d0cf2 (webtiles) character file.

Game seed: 14581576459504799494

25 FishyPogo the Insei (level 2, 0/21 HPs)
             Began as a Demonspawn Transmuter on Feb 23, 2021.
             Slain by a goblin
             ... wielding a +0 dagger
              (1 damage)
             ... on level 2 of the Dungeon.
             The game lasted 00:02:53 (1190 turns).

FishyPogo the Insei (Demonspawn Transmuter)         Turns: 1190, Time: 00:02:54

Health: 0/21       AC: 11    Str: 10    XL:     2   Next: 86%
Magic:  5/5        EV: 12    Int: 14    God:
Gold:   0          SH:  0    Dex: 13    Spells: 4/5 levels left

rFire    . . .     SeeInvis .   e - +4 dagger
rCold    . . .     Faith    .   (no shield)
rNeg     . . .     Spirit   .   a - +0 robe
rPois    .         Reflect  .   f - +2 helmet
rElec    .         Harm     .   (no cloak)
rCorr    .         Rampage  .   (no gloves)
Will     .....                  (no boots)
Stlth    +.........             (no amulet)
HPRegen  0.07/turn              (no ring)
MPRegen  0.09/turn              (no ring)

@: sanguine armour
A: sanguine armour 1
a: no special abilities


You were on level 2 of the Dungeon.
You visited 1 branch of the dungeon, and saw 2 of its levels.

Inventory:

Hand Weapons
 e - a +4 dagger (weapon)
Missiles
 i - 37 stones
 l - 13 poisoned darts
Armour
 a - a +0 robe (worn)
 f - a +2 helmet (worn)
Jewellery
 h - an uncursed amulet of magic regeneration {unknown}
Scrolls
 b - 5 scrolls of identify {unknown}
 c - 3 scrolls of remove curse {unknown}
 m - a scroll of amnesia {unknown}
 n - a scroll of enchant armour {unknown}
Potions
 d - a potion of cancellation {unknown}
 g - a potion of ambrosia {unknown}
 j - a potion of degeneration {unknown}
 k - a potion of haste {unknown}
 o - a potion of flight {unknown}


   Skills:
 - Level 1.0 Fighting
 - Level 2.0 Dodging
 - Level 3.0 Unarmed Combat
 - Level 2.0 Spellcasting
 * Level 2.7 Transmutations


You had 4 spell levels left.
You knew the following spells:

 Your Spells              Type           Power        Failure   Level
d - Beastly Appendage     Tmut           18%          8%          1

Your spell library contained the following spells:

 Spells                   Type           Power        Failure   Level
 Wereblood                Tmut           9%           12%         2
 Spider Form              Tmut/Pois      2%           38%         3
 Ice Form                 Ice/Tmut       5%           80%         4
 Blade Hands              Tmut           4%           91%         5


Dungeon Overview and Level Annotations

Branches:
Dungeon (2/15)

Altars:

Annotations:
D:2 Robin


Innate Abilities, Weirdness & Mutations

When seriously injured, your bleeding wounds create armour. (AC +6)


Message History

Robin is heavily wounded.
Robin hits you with a +0 spear.
You hit Robin but do no damage.
Robin is heavily wounded.
Robin hits you with a +0 spear.
* * * LOW HITPOINT WARNING * * *
You hit Robin.
Robin is severely wounded.
The goblin barely misses you.
Robin says, "Bow before me, strongest of all the hobgoblins!"
Robin barely misses you.
You hit Robin but do no damage. You punch Robin.
Robin is almost dead.
The goblin hits you with a +0 dagger.
* * * LOW HITPOINT WARNING * * *
Robin closely misses you.
You closely miss Robin.
Robin is almost dead.
The goblin hits you with a +0 dagger.
You die...

#.....###### #...........
#........... ...........
#.# .......... ..
......... #.# #...?.... ..
### #g# #.##<# #@#
######..#.# #g#########
........#.# #.........#
.........†####.........#.
...........g.............#
.........####..##+###+####
########.# #...# #g# ##..#
# ###.####...#.#


You could see Robin and a goblin (strong).

Vanquished Creatures
  An ooze (D:1)
  A leopard gecko (D:1)
  3 bats
  5 goblins
  4 hobgoblins
  3 kobolds
  A rat (D:1)
18 creatures vanquished.

Notes
Turn   | Place    | Note
-------+----------+-------------------------------------------
     0 | D:1      | FishyPogo the Demonspawn Transmuter began the quest for the
                  | Orb.
     0 | D:1      | Reached XP level 1. HP: 15/15 MP: 3/3
   385 | D:1      | Gained mutation: When seriously injured, your bleeding
                  | wounds create armour. (AC +6) [demonic ancestry]
   385 | D:1      | Reached XP level 2. HP: 21/21 MP: 3/5
   719 | D:1      | Reached skill level 3 in Unarmed Combat
  1146 | D:2      | Noticed Robin
  1189 | D:2      | HP: 1/21 [goblin/+0 dagger (3)]
  1190 | D:2      | Slain by a goblin

Illustrated notes

Levels and vault maps discovered:
D:1:      dpeg_arrival_tiny_d, layout_loops_ring, kennysheep_another_room,
          amcnicky_mini_pool_small, corexii_corridor_pit
D:2:      lemuel_upstairs_altar, layout_basic, uniq_robin

Skill      XL: |  1  2 |
---------------+-------+-----
Transmutations | 2 |  2.7
Dodging        | 2 |  2.0
Unarmed Combat | 3 |  3.0
Fighting       | |  1.0
Spellcasting   | |  2.0

Action                   || total
-------------------------++-------
Melee: Unarmed           ||    11
       Dagger            ||    48
       Kick              ||     3
       Punch             ||     1
 Cast: Beastly Appendage ||     5
 Stab: Sleeping          ||     1
Armor: Robe              ||    15
Dodge: Dodged            ||    44
